 Dungeon Crawl Stone Soup version 0.17.1-2-g5865329 (webtiles) character file.

88 Mysteryquy the Skirmisher (level 4, 0/49 HPs)
             Began as an Ogre Fighter on Jan 17, 2016.
             Slain by a goblin
             ... wielding a +0 club
              (1 damage)
             ... on level 3 of the Dungeon.
             The game lasted 00:03:32 (2090 turns).

Mysteryquy the Skirmisher (Ogre Fighter)            Turns: 2090, Time: 00:03:32

Health: 0/49       AC:  3    Str: 22    XL:     4   Next: 53%
Magic:  4/4        EV:  8    Int:  7    God:
Gold:   77         SH:  8    Dex:  9    Spells: 0 memorised, 3 levels left

rFire  . . .     SeeInvis .     a - +0 flail
rCold  . . .     Clarity  .     b - +0 robe
rNeg   . . .     SustAt   .     c - +0 shield
rPois  .         Gourm    .     (helmet restricted)
rElec  .         Spirit   .     (no cloak)
rCorr  .         Warding  .     (gloves unavailable)
rMut   .         Stasis   .     (boots unavailable)
MR     .....                    (no amulet)
Stlth  +.........               (no ring)
                                (no ring)

@: not resistant to hostile enchantments, very unstealthy
A: unfitting armour, tough skin 1
a: no special abilities


You were on level 3 of the Dungeon.
You were not hungry.

You visited 1 branch of the dungeon, and saw 3 of its levels.

You collected 77 gold pieces.

Inventory:

Hand Weapons
 a - a +0 flail (weapon)
Armour
 b - a +0 robe (worn)
 c - a +0 shield (worn)
Jewellery
 k - a +3 ring of dexterity {unknown}
 l - an uncursed amulet of faith {unknown}
Scrolls
 f - 3 scrolls of identify {unknown}
 g - 2 scrolls of magic mapping {unknown}
 i - a scroll of remove curse {unknown}
 j - a scroll of recharging {unknown}
 m - 2 scrolls of noise {unknown}
 s - a scroll of teleportation {unknown}
Potions
 d - a potion of might
 h - a potion of agility {unknown}
 n - a potion of poison {unknown}
 q - a potion of heal wounds {unknown}
Comestibles
 e - 5 bread rations
 o - 5 fruits
 p - a meat ration
 r - a beef jerky


   Skills:
 + Level 4.9 Fighting
 + Level 3.6 Maces & Flails
 + Level 3.3 Dodging
 + Level 0.5 Stealth
 + Level 3.2 Shields


You had 3 spell levels left.
You didn't know any spells.

Dungeon Overview and Level Annotations

Branches:
Dungeon (3/15)

Altars:
Sif Muna
Yredelemnul
The Shining One


Innate Abilities, Weirdness & Mutations

You are too large for most types of armour.
You have tough skin (AC +1).


Message History

You are too injured to fight recklessly!
You are too injured to fight recklessly!
You are too injured to fight recklessly!
You are too injured to fight recklessly!
You are too injured to fight recklessly!
You are too injured to fight recklessly!
You are too injured to fight recklessly!
You are too injured to fight recklessly!
You are too injured to fight recklessly!
You hit the goblin.
You kill the goblin!
You block the goblin's attack. The hobgoblin closely misses you.
You barely miss the goblin. The goblin hits you with a club.
* * * LOW HITPOINT WARNING * * *
The hobgoblin hits you with a club.
* * * LOW HITPOINT WARNING * * *
You barely miss the hobgoblin. The hobgoblin hits you with a club!
* * * LOW HITPOINT WARNING * * *
The goblin hits you with a club.
You die...

≈≈≈≈≈≈≈≈≈≈≈≈..g..≈≈≈≈≈
≈.≈≈≈≈≈≈≈≈≈≈.g..≈≈≈≈≈.
...........)..........
.............g........
...†.......##...###...
..............### #.#
###..........g## .#
...........>.gg####
#####........ggg@.#
#.........###g.......
........... .........
........######.....
.#...##.. ..### ###.
### .# ## . .#


You could see 3 hobgoblins and 4 goblins.

Vanquished Creatures
  A gnoll (D:3)
  An adder (D:2)
  An ooze (D:3)
  A worm (D:2)
  A giant gecko (D:2)
  2 orcs (D:3)
  5 giant cockroaches
  8 hobgoblins
  3 ball pythons (D:2)
  3 bats
  A giant newt (D:3)
  13 goblins
  4 jackals (D:1)
  6 kobolds
  8 rats
58 creatures vanquished.

Notes
Turn   | Place    | Note
--------------------------------------------------------------
     0 | D:1      | Mysteryquy the Ogre Fighter began the quest for the Orb.
     0 | D:1      | Reached XP level 1. HP: 24/24 MP: 1/1
   129 | D:1      | Reached XP level 2. HP: 30/32 MP: 2/2
   775 | D:2      | Reached XP level 3. HP: 40/40 MP: 3/3
  1231 | D:2      | Found a deep blue altar of Sif Muna.
  1543 | D:3      | Found a basalt altar of Yredelemnul.
  1548 | D:3      | Found a glowing golden altar of the Shining One.
  1554 | D:3      | Noticed an angel
  1776 | D:3      | Reached XP level 4. HP: 49/49 MP: 4/4
  2090 | D:3      | HP: 1/49 [hobgoblin/club (7)]
  2090 | D:3      | Slain by a goblin

Action                   |  1- 3 |  4- 6 || total
-------------------------+-------+-------++-------
Melee: Flail             |   102 |    56 ||   158
  Eat: Chunk             |     3 |     1 ||     4
